 Dungeon Crawl Stone Soup version bcrawl-1.40.3b (webtiles) character file.

Game seed: 15191325657753577710

172696 petercordia the Sneak (level 5, -2/50 HPs)
             Began as a Naga Archaeologist on Jan 6, 2024.
             Slain by an orc wizard
             ... wielding a +0 dagger
              (3 damage)
             ... on level 3 of the Dungeon.
             The game lasted 00:04:34 (1664 turns).

petercordia the Sneak (Naga Archaeologist)          Turns: 1664, Time: 00:04:34

Health: -2/50      AC:  4    Str: 14    XL:     5   Next: 14%
Magic:  5/5        EV: 10    Int: 15    God:
Gold:   147        SH:  0    Dex:  9    Spells: 4/4 levels left

rFire    . . .     GDR:     21% a - +0 whip
rCold    . . .     SeeInvis +   (no shield)
rNeg     . . .     Gourm    .   c - +1 robe
rPois    +         Faith    .   d - +1 hat
rElec    .         Spirit   .   (no cloak)
rCorr    .         Reflect  .   (no gloves)
MR       .....                  (no barding)
Stlth    +++.......             (no amulet)
HPRegen  0.18/turn              (no ring)
MPRegen  0.09/turn              (no ring)

@: short of breath, very slow
A: large, tail, swims, see invisible, deformed body, poison resistance, slowness
2, slow metabolism 1, spit poison 1, AC +1
a: Spit Poison


You were on level 3 of the Dungeon.
You were hungry.

You visited 1 branch of the dungeon, and saw 3 of its levels.

You collected 147 gold pieces.

Inventory:

Hand Weapons
 a - a +0 whip (weapon)
 b - a +0 blowgun
 r - a cursed -2 short sword
 s - a +0 hunting sling
Missiles
 f - 6 curare-tipped needles
 l - 303 arrows
 o - 93 poisoned needles
 t - 74 stones (quivered)
 u - a throwing net {=f}
Armour
 c - a +1 robe (worn)
 d - a +1 hat (worn)
 m - a +1 robe
Jewellery
 w - the ring "Kugo" {Fire Int+2}
   (You found it on level 2 of the Dungeon)

   [ring of fire]

   It enhances your fire magic.
   It affects your intelligence (+2).
   It protects you from fire.
   It makes you vulnerable to cold.
Scrolls
 g - a scroll of revelation
 h - a scroll of acquirement
 k - a scroll of noise
 n - a scroll of remove curse
 q - a scroll of immolation {unknown}
 x - 3 scrolls of teleportation {unknown}
Potions
 j - a potion of degeneration {unknown}
 p - a potion of cancellation {unknown}
 v - a potion of berserk rage {unknown}
Comestibles
 e - 4 rations {!d}


   Skills:
 * Level 4.2 Fighting
 - Level 1.0 Maces & Flails
 - Level 2.4 Dodging
 - Level 6.0 Stealth


You had 4 spell levels left.
You didn't know any spells.
Your spell library was empty.

Dungeon Overview and Level Annotations

Branches:
Dungeon (3/12)

Altars:
Gozag


Innate Abilities, Weirdness & Mutations

You cannot wear boots.
You can swim through water.
Your serpentine skin is tough. (AC +1)
You have supernaturally acute eyesight. (SInv)
Armour fits poorly on your strangely shaped body.
Your system is resistant to poisons. (rPois)
You cover ground very slowly.
You have a slow metabolism.
You can spit poison.


Message History

You closely miss the orc wizard.
The orc wizard is moderately wounded.
You miss the orc wizard.
The orc wizard is moderately wounded.
The orc wizard looks more healthy.
The orc wizard points at you and mumbles some strange words.
The magic dart hits you.
* * * LOW HITPOINT WARNING * * *
Press: ? - help, Shift-Dir - straight line, f/p - orc wizard
Aim: an orc wizard, wielding a +0 dagger and wearing a +0 robe (moderately wounded)
The splash of poison hits the orc wizard.
The orc wizard is poisoned.
The orc wizard is heavily wounded.
You feel slightly more hungry.
The orc wizard hits you with a +0 dagger.
* * * LOW HITPOINT WARNING * * *
You barely miss the orc wizard.
The orc wizard is heavily wounded.
The orc wizard hits you with a +0 dagger.
You die...

#....o..#
###.......#.##
..........+..#
#....o.....##
#......#...#####
#....##<.. ....
#..##.##.# ..#
####..###)#.##.#.####
.........).oo@.......
######...#o##..####.
####.###.# #.# #....#
#.# .# ##....# #.# #
######.....# #..
......#....# ###
...#.......#
....#.#.....#


You could see an orc wizard and 2 orcs.

Vanquished Creatures
  An orc priest (D:3)
  A worker ant (D:3)
  3 adders
  A dart slug (D:2)
  2 leopard geckos (D:1)
  2 orcs (D:3)
  2 giant cockroaches
  4 hobgoblins
  2 quokkas
  4 bats
  6 frilled lizards
  7 goblins
  3 kobolds
  3 rats
41 creatures vanquished.

Notes
Turn   | Place    | Note
-------+----------+-------------------------------------------
     0 | D:1      | petercordia the Naga Archaeologist began the quest for the
                  | Orb.
     0 | D:1      | Reached XP level 1. HP: 18/18 MP: 1/1
   186 | D:1      | Reached XP level 2. HP: 26/26 MP: 2/2
   891 | D:2      | Reached skill level 5 in Stealth
   894 | D:2      | Reached XP level 3. HP: 27/33 MP: 3/3
  1243 | D:2      | Got a wavering granite ring
  1406 | D:2      | Identified the ring "Kugo" {Fire Int+2} (You found it on
                  | level 2 of the Dungeon)
  1443 | D:3      | Reached XP level 4. HP: 42/42 MP: 4/4
  1452 | D:3      | Found an opulent altar of Gozag.
  1642 | D:3      | Reached skill level 6 in Stealth
  1642 | D:3      | Reached XP level 5. HP: 39/50 MP: 5/5
  1642 | D:3      | Identified a scroll of acquirement
  1663 | D:3      | HP: 1/50 [orc wizard/+0 dagger (3)]
  1664 | D:3      | Slain by an orc wizard

Skill      XL: |  1  2  3  4 |
---------------+-------------+-----
Fighting       | 2 3 4 |  4.2
Stealth        | 5 6 |  6.0
Maces & Flails | |  1.0
Dodging        | |  2.4

Action                   |  1- 3 |  4- 6 || total
-------------------------+-------+-------++-------
Melee: Whip              |    36 |    26 ||    62
 Abil: Spit Poison       |    33 |     9 ||    42
  Use: Scroll            |     2 |       ||     2
 Stab: Sleeping          |     1 |       ||     1
  Eat: Chunk             |     4 |     1 ||     5
Armor: Robe              |    23 |     7 ||    30
Dodge: Dodged            |    28 |    12 ||    40
